 Dungeon Sprint DCSS version bcrawl-1.26.1 (webtiles) character file.

Game seed: 4102912878171247837

2386465 Freyura the Warrior (level 13, -5/124 HPs)
             Began as a Demonspawn Gladiator on July 3, 2020.
             Was the Champion of Okawaru.
             Slain by a merfolk impaler
             ... wielding a +0 trident of freezing
              (6 damage)
             ... in the Dungeon (Sprint IX: "|||||||||||||||||||||||||||||").
             The game lasted 00:15:54 (2178 turns).

Freyura the Warrior (Demonspawn Gladiator)          Turns: 2178, Time: 00:15:55

Health: -5/124     AC: 39    Str: 16    XL:     13   Next: 49%
Magic:  22/25      EV: 20    Int: 10    God:    Okawaru [******]
Gold:   1900       SH:  0    Dex: 24    Spells: 12/12 levels left

rFire    . . .     SeeInvis .   b - +2 great mace (protect)
rCold    . . .     Gourm    .   (shield currently unavailable)
rNeg     . . .     Faith    .   F - +3 chain mail
rPois    .         Spirit   .   c - +2 helmet
rElec    .         Reflect  .   q - +2 cloak
rCorr    .         Harm     .   w - +1 pair of gloves "Gogil" {Stlth+}
MR       .....     NoTele   +   G - +1 pair of boots
Stlth    ++........             (no amulet)
HPRegen  0.30/turn              s - +3 ring of dexterity
MPRegen  0.19/turn              t - +3 ring of dexterity

@: heroism, finesse, protection aura, studying Crossbows
A: hooves 2, slimy green scales 1, foul stench 1, nightstalker 1, rot immunity
a: Heroism, Finesse, Renounce Religion


You were in the Dungeon.
You worshipped Okawaru.
Okawaru was exalted by your worship.
You were hungry.

You visited 1 branch You collected 1900 gold pieces.

Inventory:

Hand Weapons
 b - a +2 great mace of protection (weapon)
 o - a +2 dire flail of crushing
Missiles
 d - 3 throwing nets {=f}
Armour
 c - a +2 helmet (worn)
 q - a +2 cloak (worn)
 r - a +0 ring mail of fire resistance
 w - the +1 pair of gloves "Gogil" (worn) {Stlth+}
   (Okawaru gifted it to you in the Dungeon)

   It makes you more stealthy.
 F - a +3 chain mail (worn)
 G - a +1 pair of boots (worn)
Jewellery
 s - a +3 ring of dexterity (left hand)
 t - a +3 ring of dexterity (right hand)
 y - an uncursed ring of protection from fire
 z - an uncursed ring of see invisible
 A - an uncursed ring of poison resistance
 B - an uncursed ring of protection from fire
Wands
 n - a wand of iceblast (10)
 x - a wand of random effects (10)
Scrolls
 k - 3 scrolls of blinking
 l - 6 scrolls of remove curse
 m - 2 scrolls of amnesia
 u - 2 scrolls of identify
 D - 2 scrolls of enchant weapon
 E - a scroll of fear
Potions
 a - 2 potions of resistance
 f - 6 potions of curing
 g - 5 potions of heal wounds
 h - 2 potions of haste
 i - 5 potions of magic
 j - a potion of mutation
 C - 2 potions of brilliance
Books
 v - a manual of Crossbows
Comestibles
 e - 12 rations {!d}


   Skills:
 * Level 18.7(23.7) Fighting
 * Level 17.7(22.7) Maces & Flails
 - Level 2.2(7.2) Throwing
 + Level 12.9(17.9) Armour
 + Level 13.3(18.3) Dodging
 + Level 17.3 Invocations


You had 12 spell levels left.
You didn't know any spells.
Your spell library was empty.

Dungeon Overview and Level Annotations

Branches:
Dungeon (1/1)

Altars:
Cheibriados
Dithmenos
Elyvilon
Fedhas
Gozag
Hepliaklqana
Kikubaaqudgha
Lugonu
Makhleb
Nemelex Xobeh
Okawaru
Qazlal
Ru
Sif Muna
Trog
Uskayaw
Vehumet
Wu Jian
Xom
Yredelemnul
Zin
The Shining One
Beogh
Jiyva

Shops:
D =?[*


Innate Abilities, Weirdness & Mutations

You have hoof-like feet.
You are partially covered in slimy green scales. (AC +2)
You may emit foul miasma when damaged in melee.
You are slightly more attuned to the shadows.
You are immune to rotting.


Message History

The wind drake flaps its wings at you. The air twists around and strikes you.
The merfolk impaler hits you from afar with a +0 trident of freezing!
The merfolk impaler freezes you.
The alligator snapping turtle bites you from afar!
* * * LOW HITPOINT WARNING * * *
The merfolk impaler barely misses you.
You see here 58 large rocks.
Your chain mail prevents you from hitting the merfolk impaler.
The merfolk impaler misses you.
You sock the merfolk impaler!
The merfolk impaler is lightly wounded.
The alligator snapping turtle bites you from afar.
* * * LOW HITPOINT WARNING * * *
You barely miss the merfolk impaler.
The merfolk impaler is lightly wounded.
The merfolk impaler hits you with a +0 trident of freezing!!
* * * LOW HITPOINT WARNING * * *
The merfolk impaler freezes you.
You die...

(▓.▓[▓.▓'▓.▓'▓.▓
.▓.▓[▓.▓.▓.▓.▓.▓
.▓.▓.▓.▓.▓.▓.▓.▓
.▓.▓.▓.▓.▓.▓.▓.▓+▓
.▓.▓'▓.▓.▓.▓.▓.▓.▓
.▓.▓(▓.▓.▓.▓.▓.▓k▓
)▓.▓.▓.▓∩▓.▓)▓.▓t▓
†▓.▓)▓.▓)▓.▓)▓.▓m▓
)▓.▓(▓.▓∩▓.▓)▓.▓@▓
.▓.▓.▓.▓.▓.▓.▓.▓.▓
.▓.▓.▓.▓∩▓.▓.▓.▓†▓
.▓.▓†▓.▓.▓.▓.▓.▓†▓
.▓.▓.▓.▓∩▓.▓.▓.▓≈▓
)▓.▓†▓.▓.▓.▓)▓.▓'▓
|▓.▓†▓.▓)▓.▓÷▓.♣≈♣
.▓.▓.▓.▓)▓.▓)▓.♣≈♣
.▓.▓†▓.▓)▓.▓)▓.♣.♣


You could see an alligator snapping turtle, a merfolk impaler and a wind drake.

Vanquished Creatures
  Frances (D)
  2 stone giants (D)
  A very ugly thing (D)
  A spark wasp (D)
  An ettin (D)
  A naga warrior (D)
  A rakshasa (D)
  3 hydras (D)
  A merfolk avatar (D)
  4 two-headed ogres (D)
  4 ogre magi (D)
  A deep troll earth mage (D)
  An orc high priest (D)
  2 naga sharpshooters (D)
  A fire crab (D)
  An unseen horror (D)
  A swamp dragon (D)
  A wizard (D)
  2 spriggan druids (D)
  2 orc knights (D)
  An orb spider (D)
  2 cyclopes (D)
  2 ugly things (D)
  A wolf spider (D)
  An orc sorcerer (D)
  A manticore (D)
  An elephant (D)
  A black mamba (D)
  A water nymph (D)
  A guardian serpent (D)
  5 cane toads (D)
  A naga mage (D)
  A rime drake (D)
  A yaktaur (D)
  A komodo dragon (D)
  2 demonic crawlers (D)
  A tengu conjurer (D)
  4 polar bears (D)
  A hornet (D)
  A troll (D)
  A blink frog (D)
  A slime creature (D)
  A hippogriff (D)
  A redback (D)
  A spriggan (D)
  A water elemental (D)
  3 tarantellas (D)
  A wyvern (D)
  2 vampire mosquitoes (D)
  2 crocodiles (D)
  A soldier ant (D)
  2 nagas (D)
  A water moccasin (D)
  A swamp drake (D)
  11 orc warriors (D)
  4 black bears (D)
  An eye of draining (D)
  6 ogres (D)
  2 big kobolds (D)
  3 bullfrogs (D)
  A crimson imp (D)
  2 orc priests (D)
  A jelly (D)
  2 orc wizards (D)
  A worm (D)
  A leopard gecko (D)
  9 orcs (D)
  2 bat skeletons (D)
  A goblin (D)
  A jackal (D)
  A quokka (D)
  A bat (D)
  A kobold (D)
  A quokka zombie (D)
  A rat (D)
134 creatures vanquished.

Vanquished Creatures (others)
  A black mamba (D)
1 creature vanquished.

Grand Total: 135 creatures vanquished

Notes
Turn   | Place    | Note
-------+----------+-------------------------------------------
     0 | D        | Freyura the Demonspawn Gladiator began the quest for the
                  | Orb.
     0 | D        | Reached XP level 1. HP: 16/16 MP: 1/1
    44 | D        | Gained mutation: You are immune to rotting. [demonic
                  | ancestry]
    44 | D        | Reached XP level 2. HP: 22/22 MP: 2/2
    57 | D        | Found a roughly hewn altar of Beogh.
    57 | D        | Found a snail-covered altar of Cheibriados.
    57 | D        | Found a shadowy altar of Dithmenos.
    57 | D        | Found a white marble altar of Elyvilon.
    57 | D        | Found a blossoming altar of Fedhas.
    57 | D        | Found an opulent altar of Gozag.
    58 | D        | Found a hazy altar of Hepliaklqana.
    59 | D        | Found a viscous altar of Jiyva.
    60 | D        | Found an ancient bone altar of Kikubaaqudgha.
    61 | D        | Found a corrupted altar of Lugonu.
    62 | D        | Found a burning altar of Makhleb.
    63 | D        | Found a sparkling altar of Nemelex Xobeh.
    64 | D        | Found an iron altar of Okawaru.
    65 | D        | Found a stormy altar of Qazlal.
    66 | D        | Found a sacrificial altar of Ru.
    67 | D        | Found a shimmering blue altar of Sif Muna.
    68 | D        | Found a bloodstained altar of Trog.
    69 | D        | Found a hide-covered altar of Uskayaw.
    70 | D        | Found a radiant altar of Vehumet.
    71 | D        | Found an ornate altar of the Wu Jian Council.
    72 | D        | Found a shimmering altar of Xom.
    73 | D        | Found a basalt altar of Yredelemnul.
    74 | D        | Found a glowing silver altar of Zin.
    75 | D        | Found a glowing golden altar of the Shining One.
   148 | D        | Became a worshipper of Warmaster Okawaru
   170 | D        | Noticed a troll
   170 | D        | Noticed a soldier ant
   170 | D        | Noticed a purple ugly thing
   179 | D        | HP: 1/22 [cyan ugly thing (13)]
   183 | D        | Killed a cyan ugly thing
   183 | D        | Reached * piety under Okawaru
   183 | D        | Reached ** piety under Okawaru
   183 | D        | Reached *** piety under Okawaru
   183 | D        | Reached **** piety under Okawaru
   183 | D        | Reached skill level 7 in Fighting
   183 | D        | Reached skill level 5 in Dodging
   183 | D        | Gained mutation: You may emit foul miasma when damaged in
                  | melee. [demonic ancestry]
   183 | D        | Reached XP level 3. HP: 36/36 MP: 2/7
   183 | D        | Gained mutation: You have large cloven feet. [demonic
                  | ancestry]
   183 | D        | Reached XP level 4. HP: 43/43 MP: 2/8
   183 | D        | Reached XP level 5. HP: 48/48 MP: 2/9
   183 | D        | Gained mutation: You have hoof-like feet. [demonic
                  | ancestry]
   183 | D        | Reached XP level 6. HP: 55/55 MP: 2/10
   194 | D        | Killed a soldier ant
   194 | D        | Reached skill level 8 in Fighting
   194 | D        | Gained mutation: You are partially covered in slimy green
                  | scales. (AC +2) [demonic ancestry]
   194 | D        | Reached XP level 7. HP: 51/62 MP: 3/12
   198 | D        | Killed a troll
   198 | D        | Reached ***** piety under Okawaru
   198 | D        | Reached skill level 5 in Armour
   238 | D        | Noticed a rakshasa
   238 | D        | Noticed a two-headed ogre
   238 | D        | Noticed a cyclops
   242 | D        | Killed a cyclops
   242 | D        | Reached skill level 9 in Fighting
   242 | D        | Gained mutation: You are slightly more attuned to the
                  | shadows. [demonic ancestry]
   242 | D        | Reached XP level 8. HP: 70/71 MP: 5/14
   258 | D        | Killed a two-headed ogre
   258 | D        | Reached skill level 10 in Fighting
   258 | D        | Reached skill level 10 in Maces & Flails
   266 | D        | Killed a rakshasa
   266 | D        | Reached skill level 11 in Fighting
   266 | D        | Reached skill level 10 in Invocations
   266 | D        | Reached XP level 9. HP: 57/81 MP: 6/16
   426 | D        | Noticed a cane toad
   426 | D        | Noticed a cane toad
   435 | D        | Killed a cane toad
   439 | D        | Killed a cane toad
   441 | D        | Reached skill level 12 in Fighting
   442 | D        | Noticed an elephant
   445 | D        | Noticed a rime drake
   463 | D        | Killed an elephant
   463 | D        | Reached ****** piety under Okawaru
   463 | D        | Received a gift from Okawaru
   463 | D        | Reached XP level 10. HP: 81/90 MP: 11/18
   464 | D        | Got a pair of faintly humming gloves {god gift}
   479 | D        | Identified the +1 pair of gloves "Gogil" {Stlth+} (Okawaru
                  | gifted it to you in the Dungeon)
   547 | D        | Noticed a seven-headed hydra
   547 | D        | Noticed a fire crab
   547 | D        | Noticed a cane toad
   547 | D        | Noticed a five-headed hydra
   553 | D        | Noticed a cane toad
   558 | D        | Killed a five-headed hydra
   563 | D        | Killed a cane toad
   563 | D        | Reached skill level 13 in Fighting
   572 | D        | Killed a fire crab
   573 | D        | Noticed a cane toad
   582 | D        | Killed a seven-headed hydra
   585 | D        | Killed a cane toad
   602 | D        | Killed a cane toad
   602 | D        | Reached skill level 10 in Dodging
   651 | D        | Reached XP level 11. HP: 97/99 MP: 17/20
   656 | D        | Reached skill level 14 in Fighting
   788 | D        | Noticed a stone giant
   810 | D        | Killed a stone giant
   940 | D        | Noticed an orc high priest
   949 | D        | Noticed an orc knight
   970 | D        | Killed an orc high priest
   970 | D        | Reached skill level 10 in Armour
   971 | D        | Noticed an orc sorcerer
   977 | D        | Killed an orc knight
   977 | D        | Received a gift from Okawaru
   978 | D        | Noticed an orc knight
   985 | D        | Killed an orc sorcerer
   985 | D        | Reached skill level 15 in Fighting
  1011 | D        | Killed an orc knight
  1054 | D        | Noticed a two-headed ogre
  1054 | D        | Noticed an ogre mage
  1054 | D        | Noticed a two-headed ogre
  1057 | D        | Found Donlicra's General Store.
  1058 | D        | Noticed an ogre mage
  1064 | D        | Killed a two-headed ogre
  1065 | D        | Found Sucrapta's Armour Shop.
  1068 | D        | Noticed an ogre mage
  1069 | D        | Killed an ogre mage
  1072 | D        | Killed a two-headed ogre
  1080 | D        | Killed an ogre mage
  1080 | D        | Reached skill level 15 in Maces & Flails
  1086 | D        | Killed an ogre mage
  1086 | D        | Reached XP level 12. HP: 106/111 MP: 18/23
  1088 | D        | Found Rugamup's Magic Scroll Boutique.
  1092 | D        | Found Muos Ilu's Jewellery Shop.
  1094 | D        | Noticed an ogre mage
  1096 | D        | Noticed a two-headed ogre
  1100 | D        | Killed an ogre mage
  1100 | D        | Reached skill level 16 in Fighting
  1107 | D        | Killed a two-headed ogre
  1107 | D        | Received a gift from Okawaru
  1393 | D        | Reached skill level 15 in Invocations
  1412 | D        | Noticed an ettin
  1413 | D        | Noticed a stone giant
  1422 | D        | Noticed a brown very ugly thing
  1426 | D        | Killed a stone giant
  1431 | D        | Killed an ettin
  1431 | D        | Noticed a deep troll earth mage
  1442 | D        | Killed a brown very ugly thing
  1442 | D        | Reached skill level 17 in Fighting
  1452 | D        | Killed a deep troll earth mage
  1632 | D        | Noticed Frances
  1642 | D        | Killed Frances
  1642 | D        | Received a gift from Okawaru
  1708 | D        | Noticed a naga warrior
  1710 | D        | Reached XP level 13. HP: 46/121 MP: 25/25
  1894 | D        | Noticed a spark wasp
  1920 | D        | Reached skill level 18 in Fighting
  1936 | D        | Killed a spark wasp
  2153 | D        | Noticed a merfolk impaler
  2178 | D        | HP: 1/124 [merfolk impaler/+0 trident of freezing (19)]
  2178 | D        | Slain by a merfolk impaler

Skill      XL: |  1  2  3  4  5  6  7  8  9 10 11 12 13 |
---------------+----------------------------------------+-----
Maces & Flails | 3 7 8 9 11 12 13 15 16 17 | 17.7
Dodging        | 3 5 6 7 8 9 10 11 12 13 | 13.3
Throwing       | 2 |  2.2
Fighting       | 7 8 9 11 12 13 15 17 18 | 18.7
Armour         | 4 5 7 8 9 10 12 | 12.9
Invocations    | 6 8 10 11 12 14 16 17 | 17.3

Action                   |  1- 3 |  4- 6 |  7- 9 | 10-12 | 13-15 || total
-------------------------+-------+-------+-------+-------+-------++-------
Melee: Flail             |    16 |       |       |       |       ||    16
       Dire flail        |    10 |    10 |    65 |   175 |       ||   260
       Kick              |       |     6 |    30 |    33 |       ||    69
       Great mace        |       |       |       |   141 |    89 ||   230
Invok: Heroism           |       |       |     2 |     7 |     4 ||    13
       Finesse           |       |       |     2 |     5 |     3 ||    10
  Use: Potion            |     4 |       |       |       |     1 ||     5
       Scroll            |       |       |     4 |       |       ||     4
 Stab: Invisible         |     3 |     2 |     1 |       |       ||     6
       Sleeping          |       |       |       |     1 |     1 ||     2
  Eat: Chunk             |       |       |       |     3 |     1 ||     4
Armor: Leather armour    |     4 |       |       |       |       ||     4
       Ring mail         |     3 |     2 |     4 |    23 |       ||    32
       Chain mail        |       |       |       |    49 |    37 ||    86
Dodge: Dodged            |    13 |     5 |    29 |   181 |    79 ||   307
